 Dungeon Crawl Stone Soup version 0.29-a0-914-g906f1d757c (webtiles) character file.

Game seed: 6109342981325249163

7280 funkygono the Thaumaturge (level 11, 0/58 HPs)
             Began as a Gargoyle Fire Elementalist on July 26, 2022.
             Was a Priest of Vehumet.
             Slain by a death yak (16 damage)
             ... on level 8 of the Dungeon.
             The game lasted 00:22:55 (9943 turns).

funkygono the Thaumaturge (GrFE)                    Turns: 9943, Time: 00:22:55

Health: 0/58       AC: 16    Str: 12    XL:     11   Next: 12%
Magic:  21/25      EV: 13    Int: 20    God:    Vehumet [***...]
Gold:   710        SH:  5    Dex: 17    Spells: 11/31 levels left

rFire   + . .      SeeInvis .   p - +2 mace (protect)
rCold   x . .      Faith    .   (no shield)
rNeg    + . .      Spirit   .   B - +2 robe
rPois   ∞          Reflect  +   (no helmet)
rElec   +          Harm     .   d - +2 cloak
rCorr   .          Rampage  .   D - +0 pair of gloves of the Earth {Dex+7}
Will    .....                   (no boots)
Stlth   ++........              s - amulet of reflection
HPRegen 0.19/turn               n - ring of wizardry
MPRegen 0.19/turn               r - ring of fire

@: no status effects
A: sickness immunity, AC +8, negative energy resistance 1, electricity
resistance, torment resistance 1, petrification resistance
a: Renounce Religion


You were on level 8 of the Dungeon.
You worshipped Vehumet.
Vehumet was most pleased with you.
You visited 2 branches of the dungeon, and saw 10 of its levels.

You collected 710 gold pieces.

Inventory:

Hand Weapons
 j - a +0 mace of venom
 p - a +2 mace of protection (weapon)
 x - a +4 quarterstaff of chaos
 z - a +0 hammer
 A - a +2 whip of electrocution
Missiles
 q - a throwing net
Armour
 a - a +1 robe
 d - a +2 cloak (worn)
 l - the +1 ring mail of Parlour Games {Fly rC- Will+}
   (You found it on level 2 of the Dungeon)

   rC:        It makes you vulnerable to cold.
   Fly:       It grants you flight.
   Will:      It increases your willpower.
 m - a +2 leather armour of cold resistance
 y - a +0 cloak
 B - a +2 robe (worn)
 D - the +0 pair of gloves of the Earth (worn) {Dex+7}
   (You acquired it on level 8 of the Dungeon)

   Dex:       It affects your dexterity (+7).
 I - an orb of wrath
Magical Staves
 L - a staff of air
Jewellery
 n - a ring of wizardry (left hand)
 o - a +6 ring of dexterity
 r - a ring of fire (right hand)
 s - an amulet of reflection (around neck)
 w - a ring of protection from fire
 K - a ring of flight
Wands
 t - a wand of acid (4)
 C - a wand of flame (31)
 J - a wand of mindburst (9)
Scrolls
 c - 8 scrolls of teleportation
 k - a scroll of amnesia
 u - 3 scrolls of poison
 E - 3 scrolls of magic mapping
 F - a scroll of brand weapon
 G - a scroll of identify
Potions
 b - 2 potions of magic
 e - 5 potions of curing
 f - a potion of flight
 h - a potion of mutation
 i - a potion of berserk rage
 v - 2 potions of lignification
 H - a potion of ambrosia


   Skills:
 + Level 2.4 Fighting
 + Level 2.1 Maces & Flails
 + Level 3.5 Dodging
 - Level 2.1 Stealth
 + Level 1.8 Shields
 + Level 10.6 Spellcasting
 + Level 7.1 Conjurations
 + Level 9.3 Fire Magic
 * Level 2.5 Earth Magic


You had 11 spell levels left.
You knew the following spells:

 Your Spells              Type           Power      Damage    Failure   Level
a - Foxfire               Conj/Fire      100%       2x1d9     1%          1
b - Scorch                Fire           100%       2d10      1%          2
c - Conjure Flame         Conj/Fire      60%        6-21      1%          3
d - Flame Wave            Conj/Fire      60%        2d12      1%          4
e - Starburst             Conj/Fire      30%        6d9       4%          6
f - Sandblast             Erth           40%        2d10      1%          1
g - Stone Arrow           Conj/Erth      60%        3d10      1%          3

Your spell library contained the following spells:

 Spells                   Type           Power      Damage    Failure   Level
 Mephitic Cloud           Conj/Pois/Air  20%        N/A       1%          3
 Inner Flame              Hex/Fire       44%        N/A       1%          3
 Passwall                 Tmut/Erth      12%        N/A       2%          2
 Animate Armour           Summ/Erth      30%        N/A       16%         4
 Metabolic Englaciation   Hex/Ice        5%         N/A       56%         5
 Lehudib's Crystal Spear  Conj/Erth      15%        10d5      98%         8
 Fire Storm               Conj/Fire      30%        8d8       100%        9


Dungeon Overview and Level Annotations

Branches:
Dungeon (9/15)             Temple (1/1) D:4            Lair (0/5) D:9
    Orc: D:9-12

Altars:
Ashenzari
Dithmenos
Elyvilon
Fedhas
Gozag
Hepliaklqana
Kikubaaqudgha
Makhleb
Nemelex Xobeh
Okawaru
Ru
Sif Muna
Trog
Uskayaw
Vehumet
Wu Jian
Xom
Yredelemnul
Zin
The Shining One

Shops:
D:8 :

Annotations:
D:5 3 runed translucent doors, Megustar's ghost, novice DEFE; p0werm0de's ghost, novice MeCK; t4s4d4r's ghost, amateur MeFi; zurenarrh's ghost, novice HOFi


Innate Abilities, Weirdness & Mutations

You are immune to sickness and miasma.
Your stone body is resilient. (AC +8)
You are immune to poison.
You resist negative energy. (rN+)
You are resistant to electric shocks. (rElec)
You are resistant to unholy torment.
You are immune to petrification.


Message History

Your foxfire dissipates!
You start resting.
Magic restored.
You start resting.
HP restored.
There is a stone staircase leading down here.
You climb downwards.
The killer bee misses you. The killer bee completely misses you.
The death yak snorts and paws the ground.
The death yak gores you!
The killer bee stings you but does no damage.
The death yak gores you but does no damage.
The death yak gores you!!
There is a stone staircase leading up here.
You block the killer bee's attack. The killer bee misses you.
The death yak gores you!
* * * LOW HITPOINT WARNING * * *
The death yak gores you but does no damage.
You climb upwards.
There is a stone staircase leading down here.
Unknown command.
You feel much better. The killer bee misses you.
The killer bee closely misses you. The death yak gores you!!
The death yak gores you.
* * * LOW HITPOINT WARNING * * *
Unknown command.
Casting: Scorch (safe; 1% risk of failure)
Confirm with . or Enter, or press ? or * to list all spells.
Casting: Flame Wave (safe; 1% risk of failure)
Press: ? - help, Dir - look around, f - activate You feel a surge of power!
A wave of flame ripples out!
The flame wave engulfs the death yak!
The death yak is lightly wounded.
The flame wave engulfs the death yak!
The death yak is lightly wounded.
The flame wave engulfs the killer bee!
The killer bee is severely wounded. (Press . to intensify the flame waves.)
The killer bee barely misses you. x2; The death yak gores you!
You die...

#######....##..#.##.......##.....
# #...^##..#.##.......####### #
#....##..#.##.......# # #
#####....##..#.##.......####### #
#..............##.......'...... #
#....######.#.[##.......#######
###....#.# ###..##.......# ##
..#....#.# #YY##.......# ##.
#.'......#### ##@##.......# #..
..#....#....# #y##.......#####♣.
..#....####.# #.##.............♣
..#....# #.# #.##.......#####♣.
#......# #.# #.##.......# ♣.
.......####.## #.########## #.
...#.........# #.# ##
.............###.######## #
...#.........#..........#


You could see 2 death yaks and a killer bee.

Vanquished Creatures
  A death yak (D:8)
  Pikel (D:6)
  3 unseen horror zombies (D:8)
  A kobold demonologist (D:8)
  Grinder (D:5)
  Sigmund (D:3)
  Eustachio (D:5)
  A steam dragon (D:8)
  A water moccasin (D:5)
  An orc warrior (D:9)
  4 ice beasts
  4 ogres
  A lemure (D:6)
  2 phantoms
  11 kobold brigands
  A necrophage (D:6)
  4 bullfrogs
  A gnoll sergeant (D:6)
  2 wyvern zombies (D:8)
  2 scorpions (D:7)
  19 wights
  3 killer bees (D:9)
  4 jellies
  4 orc priests
  3 centaur zombies (D:8)
  5 hounds
  2 gnoll boudas
  Crazy Yiuf (D:3)
  Terence (D:3)
  3 iguanas
  An orc wizard (D:6)
  A howler monkey zombie (D:8)
  9 adders
  10 gnolls
  3 ufetubi
  3 worms
  3 dart slugs
  18 orcs
  11 bats
  6 endoplasms
  2 giant cockroaches
  4 goblins
  8 hobgoblins
  25 kobolds
  4 quokkas
  4 ball pythons
  3 frilled lizards
  5 rats
209 creatures vanquished.

Vanquished Creatures (collateral kills)
  3 foxfires (D:2)
3 creatures vanquished.

Vanquished Creatures (others)
  639 foxfires
  4 plants (D:2)
643 creatures vanquished.

Grand Total: 855 creatures vanquished

Notes
Turn   | Place    | Note
-------+----------+-------------------------------------------
     0 | D:1      | funkygono the Gargoyle Fire Elementalist began the quest
                  | for the Orb.
     0 | D:1      | Reached XP level 1. HP: 10/10 MP: 3/3
   284 | D:1      | Reached XP level 2. HP: 15/15 MP: 3/5
   287 | D:1      | Learned a level 2 spell: Scorch
   762 | D:1      | Reached XP level 3. HP: 19/19 MP: 1/6
   766 | D:1      | Learned a level 3 spell: Conjure Flame
  1227 | D:2      | Identified the +1 ring mail of Parlour Games {Fly rC-
                  | Will+}
  1355 | D:2      | Found a blossoming altar of Fedhas.
  1422 | D:2      | Reached XP level 4. HP: 24/24 MP: 0/8
  2334 | D:3      | Noticed Sigmund
  2337 | D:3      | Killed Sigmund
  2338 | D:3      | Reached skill level 3 in Spellcasting
  2338 | D:3      | Reached XP level 5. HP: 28/28 MP: 3/10
  2338 | D:3      | Reached XP level 6. HP: 32/32 MP: 3/11
  2470 | D:3      | Found a glowing golden altar of the Shining One.
  3064 | D:3      | Reached skill level 4 in Spellcasting
  3132 | D:3      | Learned a level 4 spell: Flame Wave
  3174 | D:3      | Noticed Terence
  3188 | D:3      | Killed Terence
  3683 | D:3      | Found a runed translucent door.
  3684 | D:3      | Noticed Crazy Yiuf
  3690 | D:3      | Killed Crazy Yiuf
  3979 | D:4      | Found a staircase to the Ecumenical Temple.
  4017 | Temple   | Entered the Ecumenical Temple
  4143 | Temple   | Became a worshipper of Vehumet
  4517 | D:4      | Found an iron altar of Okawaru.
  4619 | D:4      | Reached XP level 7. HP: 36/36 MP: 9/14
  5045 | D:5      | Entered Level 5 of the Dungeon
  5052 | D:5      | Reached skill level 5 in Spellcasting
  5054 | D:5      | Noticed Grinder
  5061 | D:5      | Killed Grinder
  5062 | D:5      | Reached skill level 5 in Fire Magic
  5182 | D:5      | Noticed Eustachio
  5188 | D:5      | Killed Eustachio
  5302 | D:5      | Reached XP level 8. HP: 41/41 MP: 11/16
  5311 | D:5      | Reached skill level 6 in Spellcasting
  5410 | D:5      | Reached * piety under Vehumet
  5410 | D:5      | Offered knowledge of Freeze by Vehumet.
  5475 | D:5      | Found a white marble altar of Elyvilon.
  5878 | D:5      | Found a runed translucent gate.
  5878 | D:5      | Found a runed translucent gate.
  5878 | D:5      | Found a runed translucent gate.
  5879 | D:5      | Noticed t4s4d4r's ghost (amateur MeFi)
  5879 | D:5      | Noticed Megustar's ghost (novice DEFE)
  5880 | D:5      | Noticed zurenarrh's ghost (novice HOFi)
  5880 | D:5      | Noticed p0werm0de's ghost (novice MeCK)
  5935 | D:5      | Reached skill level 7 in Spellcasting
  6017 | D:6      | Reached skill level 1 in Fighting
  6402 | D:6      | Reached XP level 9. HP: 48/48 MP: 14/20
  6440 | D:6      | Reached skill level 1 in Shields
  6699 | D:6      | Reached skill level 5 in Conjurations
  6817 | D:6      | Offered knowledge of Shock by Vehumet.
  6818 | D:6      | Reached skill level 8 in Spellcasting
  6859 | D:6      | Noticed Pikel
  6870 | D:6      | Killed Pikel
  6871 | D:6      | Reached ** piety under Vehumet
  7050 | D:6      | Got the Excursus on the Frozen Arsonist
  7242 | D:6      | Found a sacrificial altar of Ru.
  7253 | D:6      | Learned a level 6 spell: Starburst
  7562 | D:7      | Reached skill level 9 in Spellcasting
  7562 | D:7      | Reached XP level 10. HP: 39/53 MP: 10/23
  7884 | D:7      | Found a bloodstained altar of Trog.
  8176 | D:8      | Reached skill level 1 in Maces & Flails
  8361 | D:8      | Found a basalt altar of Yredelemnul.
  8585 | D:8      | Found a blossoming altar of Fedhas.
  8711 | D:8      | Offered knowledge of Static Discharge by Vehumet.
  8867 | D:8      | Found Qumaxof's Book Boutique.
  8873 | D:8      | Reached *** piety under Vehumet
  9023 | D:8      | Learned a level 1 spell: Sandblast
  9027 | D:8      | Learned a level 3 spell: Stone Arrow
  9081 | D:8      | Noticed a kobold demonologist
  9087 | D:8      | Killed a kobold demonologist
  9088 | D:8      | Reached skill level 10 in Spellcasting
  9088 | D:8      | Reached skill level 1 in Earth Magic
  9090 | D:8      | Offered knowledge of Mephitic Cloud by Vehumet.
  9367 | D:8      | Identified a scroll of acquirement
  9367 | D:8      | Acquired the +0 pair of gloves of the Earth {Dex+7}
  9534 | D:9      | Reached XP level 11. HP: 58/58 MP: 21/25
  9777 | D:9      | Found a staircase to the Lair.
  9782 | D:9      | Noticed a death yak
  9787 | D:9      | Noticed a death yak
  9788 | D:9      | Noticed a death yak
  9789 | D:9      | Noticed a death yak
  9790 | D:9      | Noticed a death yak
  9800 | D:8      | Killed a death yak
  9943 | D:8      | Slain by a death yak

Illustrated notes

Levels and vault maps discovered:
D:1:      dpeg_arrival_three_same_balls, layout_basic, minmay_tetromino_s2
D:2:      layout_loops_ring, basic_altar, serial_forest,
          infiniplex_forest_lined_room_2, infiniplex_forest_clump_medium,
          infiniplex_forest_end_2, infiniplex_forest_clump_curved,
          infiniplex_forest_straight_5, infiniplex_forest_zigzag_1,
          infiniplex_forest_straight_4, infiniplex_forest_zigzag_2
D:3:      layout_loops_ring, mainiacjoe_overflow_small_starburst, uniq_terence,
          uniq_crazy_yiuf_cottage, uniq_sigmund
D:4:      layout_loops_ring, mainiacjoe_overflow_boulevard,
          minmay_temple_entry_proselytizer
D:5:      layout_basic, old_standard_altar, gammafunk_ghost_cemetery,
          ebering_dispersal_statue_hall, uniq_eustachio, uniq_grinder
D:6:      layout_cave_pools, kennysheep_mini, uniq_pikel
D:7:      layout_rooms, mainiacjoe_overflow_cross_hatched
D:8:      layout_basic, nicolae_yredelemnul_corpse_copse, amcnicky_altar_gilded,
          serial_shops, nicolae_shop_advertising_works
          [nicolae_subvault_shop_adworks], special_room [special_room_kobold]
D:9:      layout_loops_ring, dpeg_lair_monsters
Temple:   nicolae_temple_figure_eight

Skill      XL: |  1  2  3  4  5  6  7  8  9 10 11 |
---------------+----------------------------------+-----
Fire Magic     | 4 5 6 8 9 |  9.3
Conjurations   | 2 3 4 6 7 |  7.1
Dodging        | 2 3 |  3.5
Spellcasting   | 3 4 5 7 9 10 | 10.6
Fighting       | 1 2 |  2.4
Shields        | 1 |  1.8
Maces & Flails | 1 2 |  2.1
Earth Magic    | 1 2 |  2.5
Stealth        | |  2.1

Action                   |  1- 3 |  4- 6 |  7- 9 | 10-12 || total
-------------------------+-------+-------+-------+-------++-------
Melee: Unarmed           |     8 |       |       |       ||     8
       Mace              |     1 |    79 |     9 |    37 ||   126
       Punch             |       |     1 |       |       ||     1
 Cast: Foxfire           |    57 |    80 |   146 |    89 ||   372
       Scorch            |     3 |    10 |    26 |    36 ||    75
       Conjure Flame     |       |     1 |       |       ||     1
       Flame Wave        |       |       |     7 |     8 ||    15
  Use: Scroll            |       |    11 |     4 |     6 ||    21
       Potion            |       |       |       |     1 ||     1
Armor: Robe              |    11 |     3 |    10 |    81 ||   105
Dodge: Dodged            |    14 |     2 |    37 |    89 ||   142
Block: Other             |       |       |    12 |    24 ||    36
       Reflection        |       |       |       |     1 ||     1

Table legend: (Time is in decaauts)
 A = Elapsed time spent in this place.
 B = Non-inter-level travel time spent in this place.
 C = Inter-level travel time spent in this place.
 D = Time resting spent in this place.
 E = Time spent auto-exploring this place.
 F = Levels seen in this place.
 G = Mean time per level.
                   A        B        C        D        E       F      G
               +--------+--------+--------+--------+--------+-----+--------+
         Total |   9991 |   9716 |    275 |   1339 |   6738 |  10 |  999.1 |
       Dungeon |   9766 |   9504 |    262 |   1339 |   6532 |   9 | 1085.1 |
        Temple |    224 |    212 |     12 |      0 |    206 |   1 |  224.0 |
               +--------+--------+--------+--------+--------+-----+--------+

Top non-repeatable levels by time:
     D:3: 1537 daAuts
     D:8: 1441 daAuts
     D:2: 1381 daAuts
     D:5: 1371 daAuts
     D:1: 1082 daAuts
     D:6: 851 daAuts
     D:4: 848 daAuts
     D:7: 842 daAuts
     D:9: 410 daAuts
  Temple: 224 daAuts
